 Dungeon Crawl Stone Soup version 0.29.1 (webtiles) character file.

Game seed: 1455528516346407454

78 xian the Gusty (level 4, 0/24 HPs)
             Began as a Tengu Air Elementalist on Sept 15, 2022.
             Slain by a goblin
             ... wielding a +0 dagger
             ... led by Robin
              (2 damage)
             ... on level 3 of the Dungeon.
             The game lasted 00:04:18 (2048 turns).

xian the Gusty (Tengu Air Elementalist)             Turns: 2048, Time: 00:04:18

Health: 0/24       AC:  3    Str: 14    XL:     4   Next: 36%
Magic:  2/8        EV: 13    Int: 17    God:
Gold:   96         SH:  0    Dex: 15    Spells: 5/8 levels left

rFire   . . .      SeeInvis .   u - +0 short sword (speed)
rCold   . . .      Faith    .   (no shield)
rNeg    . . .      Spirit   .   a - +0 robe
rPois   .          Reflect  .   (helmet restricted)
rElec   .          Harm     .   o - +0 cloak
rCorr   +          Rampage  .   (no gloves)
Will    .....                   (boots unavailable)
Stlth   ++........              (no amulet)
HPRegen 0.08/turn               i - ring of resist corrosion
MPRegen 0.11/turn               m - +6 ring of strength

@: no status effects
A: beak, talons 3
a: no special abilities


You were on level 3 of the Dungeon.
You visited 1 branch of the dungeon, and saw 3 of its levels.

You collected 96 gold pieces.

Inventory:

Hand Weapons
 u - a +0 short sword of speed (weapon)
Missiles
 d - a throwing net
Armour
 a - a +0 robe (worn)
 o - a +0 cloak (worn)
Jewellery
 i - a ring of resist corrosion (left hand)
 m - a +6 ring of strength (right hand)
 t - a ring of positive energy
Scrolls
 c - 3 scrolls of teleportation {unknown}
 f - a scroll of fog {unknown}
 g - a scroll of enchant weapon {unknown}
 h - a scroll of silence {unknown}
 j - a scroll of poison {unknown}
 l - a scroll of identify {unknown}
 n - a scroll of immolation {unknown}
 p - a scroll of vulnerability {unknown}
Potions
 b - a potion of magic
 e - 2 potions of invisibility
 k - 2 potions of curing {unknown}
 r - 2 potions of attraction {unknown}
 s - a potion of brilliance {unknown}


   Skills:
 + Level 2.9 Dodging
 + Level 2.0 Stealth
 + Level 2.5 Spellcasting
 + Level 2.1 Conjurations
 + Level 5.5 Air Magic


You had 5 spell levels left.
You knew the following spells:

 Your Spells              Type           Power      Damage    Failure   Level
a - Shock                 Conj/Air       60%        1d6       3%          1
b - Static Discharge      Conj/Air       15%        3-5/arc   6%          2

Your spell library contained the following spells:

 Spells                   Type           Power      Damage    Failure   Level
 Swiftness                Air            21%        N/A       5%          3
 Airstrike                Air            10%        2d(2-18)  19%         4


Dungeon Overview and Level Annotations

Branches:
Dungeon (3/15)

Altars:

Annotations:
D:3 Robin


Innate Abilities, Weirdness & Mutations

You have a beak for a mouth.
You have claws for feet.


Message History

A goblin comes into view. It is wielding a +0 dagger.
Robin drinks a potion.
Robin flickers and vanishes!
Deactivating autopickup; reactivate with Ctrl-A.
The orc throws a boomerang.
The boomerang hits you.
The orc throws a boomerang.
The boomerang hits you. 2 goblins and an orc priest come into view.
Found a short sword.
Something hits you.
The orc throws a boomerang.
The boomerang misses you.
A goblin comes into view. It is wielding a +0 club.
A hobgoblin comes into view.
A goblin comes into view. It is wielding a +0 club.
A ball python comes into view.
The orc throws a boomerang.
The boomerang closely misses you.
The orc throws a boomerang.
The boomerang closely misses you.
The goblin shouts!
You hear a shout! x4
An orc and a goblin come into view.
A goblin comes into view. It is wielding a +0 dagger.
The orc throws a boomerang.
The boomerang barely misses you.
An orc comes into view. It is wielding a +0 whip.
Something throws the goblin at you! The goblin hits you with a +0 dagger.
The goblin shouts!
You hit the goblin.
You kill the goblin!
The orc throws a boomerang.
The boomerang closely misses you. The goblin attacks as you move away!
The goblin hits you with a +0 dagger.
* * * LOW HITPOINT WARNING * * *
You see here a +0 dagger.
The goblin attacks as you move away! The goblin hits you but does no damage.
Something throws the goblin at you!
* * * LOW HITPOINT WARNING * * *
The goblin hits you with a +0 club.
* * * LOW HITPOINT WARNING * * *
You hit the goblin but do no damage. You hit the goblin.
The goblin is severely wounded.
The goblin closely misses you. The goblin misses you.
You hit the goblin.
You kill the goblin!
The goblin hits you with a +0 dagger.
You die...

.....# .....# .....# .
.....# .. .....######
... ##.#..).).### ....
#o##.......#### .....
##)#..##..wo.).###...#
.....###.#.o##og@)...#
##.####..gS.#####...##
...####.g..o# #...#
#.....g.g...# ......
##....g).o... .....
....?..#...). .#...
##.......>.. #...
##....... .. .).....


You could see a worm, an orc priest, an orc and a goblin (strong).

Vanquished Creatures
  An orc wizard (D:3)
  An adder (D:2)
  A worm (D:2)
  A dart slug (D:2)
  3 orcs (D:3)
  2 ball pythons
  7 bats
  2 giant cockroaches
  6 goblins
  3 hobgoblins
  2 jackals (D:2)
  2 frilled lizards (D:1)
  4 kobolds
  A rat (D:2)
36 creatures vanquished.

Notes
Turn   | Place    | Note
-------+----------+-------------------------------------------
     0 | D:1      | xian the Tengu Air Elementalist began the quest for the
                  | Orb.
     0 | D:1      | Reached XP level 1. HP: 10/10 MP: 4/4
   252 | D:1      | Reached XP level 2. HP: 15/15 MP: 3/6
   881 | D:1      | Found a faded altar of an unknown god.
  1130 | D:2      | Reached XP level 3. HP: 19/19 MP: 0/7
  1358 | D:2      | Learned a level 2 spell: Static Discharge
  2023 | D:3      | Reached skill level 5 in Air Magic
  2023 | D:3      | Reached XP level 4. HP: 24/24 MP: 0/8
  2031 | D:3      | Noticed Robin
  2048 | D:3      | Slain by a goblin

Illustrated notes

Levels and vault maps discovered:
D:1:      lemuel_arrival_tunnels, layout_basic, shapermc_ecumenical_altar_venn
D:2:      layout_loops_ring
D:3:      layout_rooms, mainiacjoe_overflow_catwalk, uniq_robin

Skill      XL: |  1  2  3 |
---------------+----------+-----
Conjurations   | 2 |  2.1
Air Magic      | 5 |  5.5
Dodging        | |  2.9
Stealth        | |  2.0
Spellcasting   | |  2.5

Action                   |  1- 3 |  4- 6 || total
-------------------------+-------+-------++-------
Melee: Unarmed           |     2 |       ||     2
       Kick              |     1 |     1 ||     2
       Short sword       |       |     4 ||     4
       Dagger            |       |     2 ||     2
       Peck              |       |     1 ||     1
 Cast: Shock             |    76 |     1 ||    77
Armor: Robe              |     6 |     2 ||     8
Dodge: Dodged            |    17 |     9 ||    26
